 Dungeon Crawl Stone Soup version 0.30.1-11-g7821555f0a (webtiles) character file.

Game seed: 4918912889405746473

800905 comborobin the Shatterer (level 27, -8/246 HPs)
             Began as a Demigod Delver on Dec 6, 2023.
             Mangled by a balrug
             ... wielding a +0 demon whip of venom
              (13 damage)
             ... in Pandemonium on Dec 12, 2023.
             The game lasted 04:06:48 (82794 turns).

comborobin the Shatterer (Demigod Delver)          Turns: 82794, Time: 04:06:49

Health: -8/246     AC: 40    Str: 38    XL:     27
Magic:  33/42      EV: 19    Int: 25    God:
Gold:   9752       SH:  0    Dex: 26    Spells: 4/46 levels left

rFire   + . .        Z - +10 dark maul {heavy}
rCold   + . .        (shield currently unavailable)
rNeg    + + +        b - +5 gold dragon scales
rPois   +            L - +0 helmet of Valour {Int+4}
rElec   +            a - +1 cloak of Ethics {Regen+}
rCorr   +            l - +2 pair of gloves {Str+3}
SInv    +            Y - +3 pair of seven-league boots {Rampage+∞}
Will    +....        m - macabre finger necklace {Finger+ rN+} Stlth
                     n - ring "Miwi" {rCorr Str+6 Int-2 SInv}
HPRegen 1.41/turn    e - ring of the Tortoise {AC+8}
MPRegen 0.28/turn    q - ring of the Inviting Gods {Fly rN++ Will-}

%: rampage+∞
@: corroded, flying, studying Earth Magic
A: high MP 1, forlorn, divine attributes, deformed body, electricity resistance,
strong 1
}: 8/15 runes: decaying, serpentine, slimy, silver, abyssal, demonic, fiery,
dark
a: no special abilities


You were in Pandemonium.
You visited 11 branches of the dungeon, and saw 51 of its levels.
You visited Pandemonium 1 time, and saw 17 of its levels.
You visited the Abyss 3 times.
You also visited: Bailey and Gauntlet.

You collected 14202 gold pieces.
You spent 4450 gold pieces at shops.

Inventory:

Hand Weapons
 Z - the +10 dark maul (weapon) {heavy}
   (You found it on level 14 of the Dungeon)
Missiles
 K - 4 throwing nets (quivered)
Armour
 a - the +1 cloak of Ethics (worn) {Regen+}
   (You found it on level 5 of the Vaults)

   Regen:     It increases your rate of health regeneration.
 b - +5 gold dragon scales (worn)
 c - the +1 hat "Jiyleumurph" {*Corrode rPois rC+ Str+2}
   (You found it on level 2 of the Orcish Mines)

   Str:       It affects your strength (+2).
   rC:        It protects you from cold.
   rPois:     It protects you from poison.
   *Corrode:  It may corrode you when you take damage.
 l - a +2 pair of gloves of strength (worn)
 t - a +10 plate armour of ponderousness
 A - a +2 cloak of poison resistance
 E - the +5 ring mail of Qoppa {rPois Int+5}
   (You found it on level 2 of the Lair of Beasts)

   Int:       It affects your intelligence (+5).
   rPois:     It protects you from poison.
 L - the +0 helmet of Valour (worn) {Int+4}
   (You found it on level 3 of the Depths)

   Int:       It affects your intelligence (+4).
 M - a scarf of resistance
 N - a +2 helmet of see invisible
 T - a +1 pair of boots of flying
 Y - the +3 pair of seven-league boots (worn) {Rampage+∞}
   (You found it on level 3 of the Crypt)

   Rampage+∞: When moving toward enemies, its wearer moves as far as possible,
   alerting their target en route.
Jewellery
 e - the ring of the Tortoise (right hand) {AC+8}
   (You took it off a deep elf elementalist on level 3 of the Elven Halls)

   [ring of protection]

   AC:        It affects your AC (+8).
 h - a +6 ring of intelligence
 i - a ring of poison resistance
 j - the ring of Eternity {rC+ Will- Int+3 Dex+6 Stlth+}
   (You found it on level 3 of the Snake Pit)

   [ring of dexterity]

   Int:       It affects your intelligence (+3).
   Dex:       It affects your dexterity (+6).
   rC:        It protects you from cold.
   Will:      It decreases your willpower.
   Stlth:     It makes you more stealthy.
 m - the macabre finger necklace (around neck) {Finger+ rN+}
   (You took it off a deep elf sorcerer on level 3 of the Elven Halls)

   [amulet of nothing]

   Finger+:   It enables you to equip an extra ring.
   rN:        It protects you from negative energy.
 n - the ring "Miwi" (left hand) {rCorr Str+6 Int-2 SInv}
   (You bought it in a shop on level 1 of the Snake Pit)

   [ring of strength]

   Str:       It affects your strength (+6).
   Int:       It affects your intelligence (-2).
   SInv:      It lets you see invisible.
   rCorr:     It protects you from acid and corrosion.
 q - the ring of the Inviting Gods (on amulet) {Fly rN++ Will-}
   (You bought it in a shop on level 1 of the Snake Pit)

   [ring of flight]

   rN:        It greatly protects you from negative energy.
   Fly:       It grants you flight.
   Will:      It decreases your willpower.
 s - a ring of positive energy
 w - the ring "Dieboy" {Wiz Will+ Str+3 Dex+3}
   (You acquired it on level 2 of the Orcish Mines)

   [ring of wizardry]

   It improves your spell success rate.
   Str:       It affects your strength (+3).
   Dex:       It affects your dexterity (+3).
   Will:      It increases your willpower.
 x - the amulet of the Duchess {RegenMP *Corrode Fly Str+3 Stlth+}
   (You acquired it in Pandemonium)

   [amulet of magic regeneration]

   It increases your rate of magic regeneration.
   Str:       It affects your strength (+3).
   Fly:       It grants you flight.
   *Corrode:  It may corrode you when you take damage.
   Stlth:     It makes you more stealthy.
 G - a +6 ring of strength
 U - the ring of Fedhas's Hope {rF+ Will+ Slay+3}
   (You found it on level 5 of the Pits of Slime)

   [ring of willpower]

   Slay:      It affects your accuracy & damage with ranged weapons and melee
   (+3).
   rF:        It protects you from fire.
   Will:      It increases your willpower.
 V - an amulet of regeneration
 X - a ring of willpower
Wands
 g - a wand of digging (2)
 F - a wand of paralysis (59)
 H - a wand of iceblast (100)
Scrolls
 f - 9 scrolls of immolation
 k - 5 scrolls of silence
 r - 16 scrolls of amnesia
 u - 3 scrolls of fog
 z - 2 scrolls of fear
 D - 7 scrolls of poison
 I - 7 scrolls of butterflies
 O - 12 scrolls of magic mapping
Potions
 d - 9 potions of attraction
 o - 7 potions of curing
 p - 3 potions of heal wounds
 v - 6 potions of brilliance
 B - 5 potions of cancellation
 C - 5 potions of resistance
 J - 4 potions of magic
 P - 5 potions of might
 Q - 2 potions of haste
 R - 7 potions of mutation
 S - 7 potions of flight
 W - 4 potions of berserk rage


   Skills:
 + Level 20.0 Fighting
 - Level 14.9 Long Blades
 - Level 26.8(26.9) Maces & Flails
 - Level 3.3(18.2) Staves
 - Level 8.2 Ranged Weapons
 + Level 21.2 Armour
 - Level 13.7 Dodging
 - Level 4.5 Stealth
 - Level 10.0 Spellcasting
 - Level 3.0 Conjurations
 - Level 8.0 Necromancy
 - Level 15.0 Translocations
 - Level 4.0 Transmutations
 - Level 3.0 Fire Magic
 - Level 3.0 Air Magic
 - Level 9.9 Earth Magic
 - Level 5.0 Poison Magic
 - Level 4.0 Evocations


You had 4 spell levels left.
You knew the following spells:

 Your Spells              Type           Power      Damage    Failure   Level
a - Disjunction           Tloc           36%        N/A       98%         8
c - Portal Projectile     Hex/Tloc       100%       N/A       3%          3
e - Mephitic Cloud        Conj/Pois/Air  30%        N/A       19%         3
g - Sublimation of Blood  Necr           52%        N/A       1%          2
h - Passage of Golubria   Tloc           72%        N/A       1%          4
i - Ignite Poison         Fire/Tmut/Pois 32%        N/A       16%         3
n - Lesser Beckoning      Tloc           100%       N/A       1%          2
w - Passwall              Tmut/Erth      39%        N/A       2%          2
A - Apportation           Tloc           100%       N/A       1%          1
B - Blink                 Tloc           100%       N/A       1%          2
M - Manifold Assault      Tloc           72%        N/A       1%          4
S - Wereblood             Tmut           32%        N/A       9%          2
T - Statue Form           Tmut/Erth      31%        N/A       94%         6

Your spell library contained the following spells:

 Spells                   Type           Power      Damage    Failure   Level
 Necrotise                Necr           100%       1d9       1%          1
 Sandblast                Erth           100%       2d20      1%          1
 Gell's Gravitas          Tloc           72%        N/A       1%          3
 Teleport Other           Tloc           72%        N/A       1%          3
 Vhi's Electric Charge    Tloc/Air       100%       N/A       1%          3
 Volatile Blastmotes      Fire/Tloc      100%       2d18      1%          3
 Vampiric Draining        Necr           52%        2d9       3%          3
 Sting                    Tmut/Pois      100%       1d8       4%          1
 Cigotuvi's Dreadful Rot  Necr/Pois/Air  78%        N/A       4%          2
 Stone Arrow              Conj/Erth      88%        3d12      6%          3
 Iskenderun's Mystic Bla  Conj/Tloc      55%        2d12      7%          4
 Magic Dart               Conj           100%       1d8       9%          1
 Poisonous Vapours        Pois/Air       64%        N/A       9%          2
 Scorch                   Fire           54%        2d7       12%         2
 Static Discharge         Conj/Air       54%        2-5/arc   12%         2
 Petrify                  Tmut/Erth      47%        N/A       16%         4
 Swiftness                Air            27%        N/A       24%         3
 Freeze                   Ice            48%        1d6       28%         1
 Summon Small Mammal      Summ           48%        N/A       28%         1
 Olgreb's Toxic Radiance  Pois           37%        N/A       34%         4
 Animate Armour           Summ/Erth      74%        N/A       36%         4
 Leda's Liquefaction      Hex/Erth       18%        N/A       36%         4
 Call Imp                 Summ           24%        N/A       38%         2
 Ensorcelled Hibernation  Hex/Ice        24%        N/A       38%         2
 Dazzling Flash           Conj/Hex       40%        N/A       41%         3
 Hailstorm                Conj/Ice       20%        3d6       41%         3
 Inner Flame              Hex/Fire       20%        N/A       41%         3
 Anguish                  Hex/Necr       16%        N/A       47%         4
 Frozen Ramparts          Ice            24%        1d4       63%         3
 Summon Guardian Golem    Hex/Summ       12%        N/A       63%         3
 Tukima's Dance           Hex            12%        N/A       63%         3
 Airstrike                Air            13%        2d(2-18)  63%         4
 Flame Wave               Conj/Fire      27%        2d9       63%         4
 Sticky Flame             Conj/Fire      27%        2d5       63%         4
 Ice Form                 Ice/Tmut       22%        N/A       77%         4
 Fulminant Prism          Conj/Hex       10%        3d8       83%         4
 Summon Lightning Spire   Summ/Air       20%        N/A       83%         4
 Cause Fear               Hex            6%         N/A       95%         4
 Summon Ice Beast         Ice/Summ       12%        N/A       95%         4
 Dispersal                Tloc           36%        N/A       9%          6
 Lee's Rapid Deconstruct  Erth           29%        3d15*     13%         5
 Borgnjor's Vile Clutch   Necr/Erth      27%        N/A       19%         5
 Agony                    Necr           52%        N/A       28%         5
 Alistair's Intoxication  Tmut/Pois      23%        N/A       77%         5
 Blade Hands              Tmut           16%        N/A       83%         5
 Irradiate                Conj/Tmut      15%        3d16      88%         5
 Arcjolt                  Conj/Air       13%        1d23      92%         5
 Fireball                 Conj/Fire      13%        3d7       92%         5
 Iskenderun's Battlesphe  Conj           27%        2d8       92%         5
 Yara's Violent Unravell  Hex/Tmut       11%        3d6       98%         5
 Silence                  Hex/Air        10%        N/A       99%         5
 Metabolic Englaciation   Hex/Ice        6%         N/A       100%        5
 Conjure Ball Lightning   Conj/Air       13%        3x3d6     100%        6
 Eringya's Noxious Bog    Tmut/Pois      17%        N/A       100%        6
 Simulacrum               Ice/Necr       16%        N/A       100%        6
 Summon Cactus Giant      Summ           6%         N/A       100%        6
 Enfeeble                 Hex            6%         N/A       100%        7
 Malign Gateway           Summ/Tloc      25%        N/A       100%        7
 Orb of Destruction       Conj           13%        9d7       100%        7
 Ozocubu's Refrigeration  Ice            6%         4d8       100%        7
 Spellforged Servitor     Conj/Summ      10%        N/A       100%        7
 Storm Form               Tmut/Air       15%        N/A       100%        7
 Summon Hydra             Summ           6%         N/A       100%        7
 Discord                  Hex            6%         N/A       100%        8
 Ignition                 Fire           13%        3d6       100%        8
 Lehudib's Crystal Spear  Conj/Erth      22%        10d6      100%        8
 Maxwell's Capacitive Co  Air            13%        ∞         100%        8
 Necromutation            Tmut/Necr      21%        N/A       100%        8
 Summon Horrible Things   Summ           6%         N/A       100%        8
 Chain Lightning          Conj/Air       13%        3d18      100%        9
 Fire Storm               Conj/Fire      13%        8d4       100%        9
 Shatter                  Erth           29%        3d24*     100%        9


Dungeon Overview and Level Annotations

Branches:
Dungeon (15/15)            Temple (0/1) D:7            Lair (5/5) D:9
  Swamp (4/4) Lair:2        Snake (4/4) Lair:3        Slime (5/5) Lair:5
    Orc (2/2) D:10            Elf (3/3) Orc:2        Vaults (5/5) D:14
  Crypt (3/3) Vaults:3       Tomb (0/3) Crypt:3      Depths (4/4) D:15
    Zot (1/5) Depths:4     Bailey (visited)         Gauntlet (visited)

Shops:
D:14 (   Orc:2 *([=   Elf:1 *   Elf:2 **:   Snake:1 =(!?=   Snake:3 ?[**
Vaults:2 (

Portals:
Hell: Depths:1 Depths:2 Depths:3 Depths:4
Abyss: Depths:1 Depths:2 Depths:3
Pandemonium: Depths:1 Depths:2 Depths:3
Ziggurat: Depths:4
Trove: Depths:3 (give +5 demon trident)

Annotations:
D:3 2 transporters
D:5 exclusion: hound
Lair:1 3 runed translucent doors, Kazon's ghost, journeyman HuFi
Elf:2 3 runed translucent doors
Depths:4 6 runed translucent doors
Zot:1 8 runed translucent doors


Innate Abilities, Weirdness & Mutations

You have an increased reservoir of magic. (+10% MP)
You shall have no god before yourself.
Your divine heritage dramatically boosts your attributes as you level up.
Armour fits poorly on your strangely shaped body.
You are resistant to electric shocks. (rElec)
Your muscles are strong. (Str +4, Int/Dex -1)


Message History

Unknown command.
Okay, then.
As you read the scroll of fear, it crumbles to dust.
You assume a fearsome visage.
The demonspawn corrupter easily resists.
The cacodemon resists with almost no effort.
The balrug resists with almost no effort.
The demonspawn blood saint looks frightened!
The balrug resists with almost no effort.
The Ice Fiend is unaffected.
The +1 demon trident of distortion is unaffected.
The cacodemon resists with some effort.
The +1 lajatang of distortion is unaffected.
The smoke demon looks frightened!
The cacodemon resists with almost no effort.
The smoke demon looks frightened!
The rakshasa resists with almost no effort.
The soul eater looks frightened!
The demonspawn corrupter looks frightened!
The green death resists with almost no effort.
The vault sentinel looks frightened!
The war gargoyle is unaffected.
The golden dragon resists with almost no effort. x2
The starcursed mass is unaffected.
The tentacled starspawn is unaffected.
The +1 demon trident of distortion hits you but does no damage.
Space warps around you.
* * * LOW HITPOINT WARNING * * *
The golden dragon completely misses you.
The golden dragon claws you but does no damage.
The golden dragon tramples you but does no damage.
The tentacled starspawn bites you.
* * * LOW HITPOINT WARNING * * *
The tentacled starspawn tentacle-slaps you but does no damage.
A starcursed mass splits.
The balrug gestures at you. Something smites you!
* * * LOW HITPOINT WARNING * * *
The balrug hits you with a +0 demon whip of venom!
* * * LOW HITPOINT WARNING * * *
You are engulfed in flames!
You resist.
You die...

.# #.#
########## #^#
#......... #.#
#.X2......
##.###6@2......
#....(6DD9...1.
#..!X22232.....
#..X.3.(.......
#..^).R.3......
#......p.......
#..!..6........
#.....(...!....
######.6.....


You could see 2 starcursed masses, 2 golden dragons, an Ice Fiend, 3 cacodemons,
a demonspawn blood saint (fleeing), 2 demonspawn corrupters, a tentacled
starspawn (summoned), 2 balrugs, a green death (fast), a rakshasa (strong), a
soul eater (fleeing, weak-willed), a war gargoyle (summoned, fast), a vault
sentinel (summoned, fast, fleeing), 2 smoke demons and 2 dancing weapons.

Vanquished Creatures
  Cerebov (Pan)
  Dissolution (Slime:4)
  the Royal Jelly (Slime:5)
  Gloorx Vloq (Pan)
  5 ancient liches
  An orb of fire (Zot:1)
  Mara (Swamp:4)
  6 pandemonium lords (Pan)
  Mennas (Pan)
  3 juggernauts
  5 Killer Klowns (Zot:1)
  Vv (Depths:2)
  Saint Roka (Orc:2)
  Bai Suzhen (Depths:2)
  Xtahua (Vaults:2)
  4 caustic shrikes (Depths:4)
  The ghost of Upyaxum the Devastator, a veteran GrEE of Lugonu (Crypt:3)
  Jory (Crypt:2)
  10 golden dragons
  2 Brimstone Fiends (Pan)
  the Enchantress (Depths:1)
  4 bone dragons
  An electric golem (Zot:1)
  A hellephant (Pan)
  Jorgrun (Orc:2)
  5 tentacled monstrosities
  Mlioglotl (Snake:2)
  2 walking crystal tomes (Depths:3)
  8 Ice Fiends (Pan)
  8 liches
  A shard shrike skeleton (Crypt:3)
  3 quicksilver dragons
  3 titans (Vaults:5)
  4 deep elf blademasters (Elf:3)
  A walking divine tome (Depths:3)
  2 deep elf master archers (Elf:3)
  The ghost of Scypho the Warrior, an adept MiFi of Okawaru (Swamp:4)
  6 tentacled starspawn (Abyss:3)
  A sphinx (shapeshifter) (Depths:4)
  22 acid blobs
  A sphinx (Vaults:5)
  4 death cobs (Zot:1)
  20 Executioners (Pan)
  7 ancient champions (Crypt:3)
  3 thorn hunters
  5 storm dragons
  A draconian monk (Depths:4)
  Gastronok (D:8)
  7 tengu reavers
  A fenstrider witch (Swamp:4)
  10 nagarajas
  4 revenants
  2 shadow dragons (Vaults:5)
  13 rockslimes
  11 demonspawn warmongers (Pan)
  12 azure jellies (Slime:5)
  A draconian knight (Depths:4)
  3 iron dragons
  14 vault wardens
  12 fire giants
  10 deep elf sorcerers
  5 frost giants
  Aizul (Snake:2)
  10 ghost moths
  2 draconian shifters
  7 ghouls
  39 balrugs
  6 curse skulls
  An angel (Pan)
  20 ironbound preservers
  2 deep elf elementalists (Elf:3)
  A juggernaut skeleton (Crypt:3)
  2 orc warlords
  4 demonspawn corrupters (Pan)
  8 cacodemons
  8 demonspawn blood saints (Pan)
  7 spriggan defenders
  3 war gargoyles
  37 very ugly things
  11 reapers
  11 stone giants
  16 quicksilver oozes
  6 ironbound thunderhulks
  Azrael (Snake:1)
  5 eleionomae
  8 vampire knights
  A caustic shrike skeleton (D:15)
  4 deep elf demonologists
  6 demonspawn black suns (Pan)
  4 red draconians
  4 green draconians
  17 dire elephants
  2 bunyips
  A minotaur (Gauntlet)
  2 black draconians (Depths:4)
  2 purple draconians
  5 white draconians
  A minotaur (shapeshifter) (Elf:3)
  6 deep elf annihilators
  8 lorocyprocas (Pan)
  3 spark wasps (Depths:3)
  3 yellow draconians (Depths:4)
  16 blizzard demons (Pan)
  The ghost of andronian the Basher, a journeyman AtFi of Okawaru (Lair:2)
  An ettin (shapeshifter) (Vaults:5)
  A merfolk impaler (Depths:1)
  8 ettins
  13 green deaths
  10 deep elf death magi
  4 eidola
  2 merfolk javelineers
  11 jiangshi
  2 mummy priests (Crypt:3)
  2 shambling mangroves
  Josephine (Lair:3)
  13 fire dragons
  13 yaktaur captains
  A hydra (shapeshifter) (Vaults:5)
  35 vault guards
  An entropy weaver (Vaults:3)
  21 hydras
  Harold (D:10)
  7 deep elf high priests (Elf:3)
  12 great orbs of eyes
  2 hell beasts (Pan)
  6 rakshasas
  2 juggernaut simulacra (Pan)
  3 spriggan air magi
  2 peacekeepers
  3 catoblepae
  5 ogre magi
  A fenstrider witch skeleton (Pan)
  4 ghost crabs
  8 anacondas
  2 salamander tyrants
  An anaconda (shapeshifter) (Vaults:5)
  4 ice dragons
  A bennu zombie (Crypt:3)
  5 ironbound frosthearts
  21 centaur warriors
  Erolcha (D:13)
  A satyr (Abyss:3)
  8 deep troll shamans
  5 death knights
  19 dancing weapons
  10 alligators
  7 boulder beetles
  5 vampire magi
  15 deep troll earth magi
  Urug (Lair:5)
  4 two-headed ogres
  12 naga warriors
  5 death yaks (Lair:5)
  12 naga sharpshooters
  A titan zombie (Crypt:3)
  8 spriggan berserkers
  38 soul eaters
  8 shock serpents
  A hell knight (Vaults:5)
  111 sun demons (Pan)
  4 thrashing horrors (Abyss:3)
  3 tengu warriors
  18 deep elf knights
  An orc high priest (Orc:2)
  Amaemon (Lair:2)
  A skyshark (shapeshifter) (Vaults:1)
  2 titan skeletons
  7 salamander mystics
  A skyshark (Lair:5)
  8 iron trolls
  4 wretched stars (Abyss:3)
  2 storm dragon skeletons
  2 spatial maelstroms (Abyss:3)
  19 sixfirhies
  2 goliath frogs
  Lodul (D:12)
  81 deep trolls
  25 skeletal warriors
  5 spriggan druids
  9 shadow wraiths
  12 flayed ghosts
  8 glowing orange brains
  6 wizards
  7 swamp dragons
  7 shadow demons (Pan)
  6 bog bodies
  18 phantasmal warriors
  9 deep elf archers
  26 ironbound convokers
  17 lindwurms
  5 harpies (Vaults:1)
  12 orc knights
  5 necromancers
  2 lindwurms (shapeshifter)
  24 deep elf pyromancers
  11 naga ritualists
  28 deep elf zephyrmancers
  4 orc sorcerers
  A wolf spider (Depths:4)
  2 oklob plants
  38 ugly things
  4 shining eyes
  12 mana vipers
  5 will-o-the-wisps
  3 manticores (D:15)
  2 worldbinders (Abyss:3)
  15 salamanders
  A shadow dragon skeleton (Crypt:3)
  5 ice statues (Pan)
  A faun (shapeshifter) (Elf:1)
  5 cyclopes
  An iron dragon skeleton (Pan)
  4 moths of wrath (Zot:1)
  5 rust devils (Pan)
  2 stone giant skeletons
  7 guardian serpents
  An elephant slug zombie (Crypt:2)
  20 vault sentinels
  18 elephants
  A guardian serpent (shapeshifter) (Depths:4)
  39 black mambas
  19 smoke demons
  A minotaur zombie (Crypt:2)
  2 eyes of devastation (Slime:3)
  A titan simulacrum (Vaults:5)
  A fire giant skeleton (Depths:1)
  20 naga magi
  15 orange demons
  Psyche (D:8)
  An apocalypse crab (Abyss:3)
  2 centaur skeletons
  20 demonic crawlers
  14 efreet
  8 hellions (Pan)
  A gargoyle (D:12)
  6 komodo dragons
  3 spriggan zombies
  2 unseen horror zombies (D:10)
  8 cane toads
  A white draconian zombie (Crypt:1)
  5 unseen horrors
  2 kobold demonologists (D:12)
  10 freezing wraiths
  4 rime drakes
  6 tormentors (Pan)
  A yellow draconian skeleton (Crypt:3)
  32 yaktaurs
  4 ancient zymes (Abyss:3)
  7 ice devils (Pan)
  4 red devils (Pan)
  8 trolls
  3 tengu conjurers
  14 guardian mummies
  A queen bee (Gauntlet)
  A harpy zombie (Crypt:3)
  A queen bee (shapeshifter) (Vaults:1)
  2 polar bears (Lair:5)
  A hornet (shapeshifter) (Elf:1)
  A polar bear (shapeshifter) (Elf:1)
  A hydra skeleton (Pan)
  A troll (shapeshifter) (Elf:1)
  3 bloated husks
  7 hellwings (Pan)
  31 large abominations
  5 tyrant leeches
  4 raiju (Abyss:3)
  24 hornets
  7 blink frogs
  4 harpy skeletons
  A boulder beetle zombie (Crypt:3)
  A culicivora zombie (Crypt:3)
  A dream sheep (shapeshifter) (Elf:1)
  11 dream sheep
  113 slime creatures
  A jumping spider (shapeshifter) (Vaults:5)
  An air elemental (Elf:2)
  A culicivora (Vaults:3)
  4 vampires (Crypt:3)
  5 flying skulls (Crypt:1)
  3 shadows
  A centaur simulacrum (D:14)
  31 ynoxinuls
  25 spriggans
  A spriggan (shapeshifter) (Abyss:3)
  3 water elementals
  A yak (shapeshifter) (Elf:2)
  12 wraiths
  52 yaks
  4 basilisks
  10 starcursed masses (Abyss:3)
  4 ushabtiu (Crypt:3)
  5 wyverns
  10 fire elementals
  12 golden eyes
  12 humans (D:14)
  2 steam dragons
  Grum (D:8)
  12 chaos spawn
  10 neqoxecs
  2 redbacks (Vaults:3)
  A redback (shapeshifter) (Vaults:1)
  4 spatial vortices (Abyss:3)
  19 vampire mosquitoes
  12 swamp worms
  50 nagas
  2 wargs
  5 hell hounds
  A water nymph skeleton (Crypt:2)
  5 acid dragons
  2 floating eyes
  15 water moccasins
  A floating eye (shapeshifter) (Depths:4)
  10 small abominations
  4 black bears (Lair:2)
  5 swamp drakes
  2 ice beasts (D:6)
  21 orc warriors
  An elf simulacrum (Vaults:4)
  A wolf (shapeshifter) (Elf:1)
  6 boggarts
  A swamp dragon zombie (Crypt:2)
  14 ogres
  A tengu (shapeshifter) (Elf:1)
  16 wolves
  An ettin simulacrum (Crypt:3)
  2 phantoms
  17 centaurs
  A hog skeleton (Crypt:1)
  2 kobold brigands
  A fire crab zombie (Crypt:2)
  A vine stalker zombie (Crypt:3)
  13 bullfrogs
  An earth elemental (Elf:3)
  A rime drake skeleton (Crypt:3)
  5 gnoll sergeants
  10 necrophages
  A salamander zombie (Crypt:1)
  2 two-headed ogre simulacra (D:12)
  A scorpion (Depths:4)
  A cane toad simulacrum (D:12)
  2 wights (D:10)
  A warg skeleton (Crypt:3)
  A raiju zombie (Crypt:2)
  A troll zombie (Crypt:2)
  A spriggan skeleton (Crypt:1)
  23 killer bees
  3 electric eels
  3 howler monkeys (D:7)
  A crimson imp (Orc:2)
  5 centaur zombies (D:10)
  6 human zombies
  2 jellies (D:5)
  13 orc priests
  3 hounds
  A bullfrog skeleton (Crypt:2)
  An iron imp (Orc:2)
  A sleepcap (D:6)
  2 human skeletons (Crypt:1)
  2 iguanas
  30 orc wizards
  A hell rat (Depths:4)
  A troll simulacrum (D:12)
  2 spriggan simulacra (D:12)
  3 mummies (Crypt:1)
  A howler monkey zombie (Crypt:1)
  25 gnolls
  7 adders
  2 naga simulacra (D:12)
  A swamp drake zombie (Crypt:2)
  3 shadow imps
  A white imp (Orc:2)
  4 ufetubi
  A lava snake zombie (Crypt:1)
  An iguana skeleton (Crypt:2)
  A lava snake skeleton (Crypt:1)
  4 worms
  3 dart slugs
  86 orcs
  8 ball pythons
  7 bats
  5 endoplasms
  4 giant cockroaches
  9 goblins
  7 hobgoblins
  10 jackals
  2 quokkas
  A ball python skeleton (Crypt:3)
  3 frilled lizards
  17 kobolds
  An orc zombie (Crypt:2)
  6 rats
  8 butterflies (Zot:1)
  4 fire vortices (Pan)
  4 lurking horrors (Abyss:3)
  2 starspawn tentacles (Abyss:3)
2947 creatures vanquished.

Vanquished Creatures (collateral kills)
  A hornet (Swamp:4)
  An orc wizard (D:9)
2 creatures vanquished.

Vanquished Creatures (others)
  An Executioner (Pan)
  A deep elf high priest (Elf:3)
  A sun demon (Pan)
  A deep elf zephyrmancer (Orc:2)
  A bloated husk (Swamp:1)
  An orc warrior (Orc:2)
  An orc priest (Orc:2)
  2 orc wizards (Orc:2)
  6 orcs (Orc:2)
  3 fire vortices (Pan)
  8 foxfires
  6 starspawn tentacles (Abyss:3)
32 creatures vanquished.

Grand Total: 2981 creatures vanquished

Notes
Turn   | Place    | Note
-------+----------+-------------------------------------------
     0 | D:5      | comborobin the Demigod Delver began the quest for the Orb.
     0 | D:5      | Reached XP level 1. HP: 18/18 MP: 3/3
    76 | D:5      | Noticed an ogre
    91 | D:5      | Noticed a hound
   103 | D:5      | Noticed an orc wizard
   104 | D:5      | Noticed an iguana
   104 | D:5      | Noticed a hound
   110 | D:5      | Noticed an orc wizard
   256 | D:2      | Reached skill level 1 in Long Blades
   331 | D:2      | Reached XP level 2. HP: 25/25 MP: 4/4
   642 | D:1      | Reached XP level 3. HP: 30/30 MP: 5/5
  1820 | D:3      | Reached XP level 4. HP: 20/37 MP: 7/7
  1829 | D:3      | Reached skill level 1 in Poison Magic
  1835 | D:3      | Reached skill level 1 in Air Magic
  1968 | D:3      | Found a transporter.
  2058 | D:3      | Found a transporter.
  2067 | D:3      | Identified the +4 scale mail "Ajoaxui" {rC+++ Will+ Dex-2
                  | Slay+2}
  2067 | D:3      | Noticed a gnoll sergeant
  2086 | D:3      | Learned a level 3 spell: Mephitic Cloud
  2261 | D:3      | Reached skill level 1 in Conjurations
  2261 | D:3      | Reached XP level 5. HP: 42/45 MP: 9/9
  2375 | D:3      | Reached skill level 1 in Spellcasting
  3688 | D:5      | Reached XP level 6. HP: 50/51 MP: 10/10
  4135 | D:5      | Reached XP level 7. HP: 57/57 MP: 8/12
  5086 | D:6      | Reached skill level 5 in Long Blades
  5086 | D:6      | Reached XP level 8. HP: 37/63 MP: 13/15
  5839 | D:7      | Found a staircase to the Ecumenical Temple.
  6514 | D:8      | Noticed Psyche
  6521 | D:8      | Noticed a hornet
  6528 | D:8      | Killed Psyche
  6531 | D:8      | Killed a hornet
  6688 | D:8      | Noticed Grum
  6877 | D:8      | Reached XP level 9. HP: 51/69 MP: 11/17
  7413 | D:8      | Killed Grum
  7741 | D:8      | Reached skill level 10 in Long Blades
  8259 | D:8      | Noticed Gastronok
  8346 | D:8      | Killed Gastronok
  8347 | D:8      | Reached skill level 5 in Dodging
  8878 | D:9      | Reached XP level 10. HP: 80/80 MP: 10/19
  9074 | D:9      | Reached skill level 5 in Fighting
  9486 | D:9      | Noticed a deep troll
  9504 | D:9      | Killed a deep troll
  9646 | D:9      | Found a staircase to the Lair.
  9657 | D:9      | Reached skill level 1 in Armour
 10095 | D:9      | Reached skill level 1 in Evocations
 10119 | D:9      | Noticed a deep troll
 10151 | D:9      | Killed a deep troll
 10545 | D:10     | Entered Level 10 of the Dungeon
 10752 | D:10     | Noticed Harold
 10759 | D:10     | Killed Harold
 10859 | D:10     | Found a flagged portal.
 10868 | Bailey   | Entered a bailey
 10898 | Bailey   | Reached XP level 11. HP: 71/94 MP: 4/20
 11080 | Bailey   | Noticed an orc knight
 11098 | Bailey   | Killed an orc knight
 11214 | Bailey   | Identified the +4 plate armour of Icsauf {Fly Stlth+}
 11438 | D:10     | Found a staircase to the Orcish Mines.
 12366 | D:11     | Noticed a boulder beetle
 12374 | D:11     | Killed a boulder beetle
 12512 | D:11     | Noticed a boulder beetle
 12526 | D:11     | Killed a boulder beetle
 12664 | D:11     | Gained mutation: You are partially covered in large bone
                  | plates. (SH +4) [potion of mutation]
 12664 | D:11     | Gained mutation: You passively map a small area around you.
                  | [potion of mutation]
 12975 | D:11     | Noticed a boulder beetle
 13003 | D:11     | Killed a boulder beetle
 13493 | D:12     | Noticed a boulder beetle
 13508 | D:12     | Noticed a centaur warrior
 13525 | D:12     | Killed a boulder beetle
 13552 | D:12     | Noticed a deep elf pyromancer
 13557 | D:12     | Killed a centaur warrior
 13558 | D:12     | Reached XP level 12. HP: 63/103 MP: 21/21
 13583 | D:12     | Noticed Lodul
 13589 | D:12     | Found a gate leading to a gauntlet.
 13596 | Gauntlet | Entered a Gauntlet
 13596 | Gauntlet | Found a transporter.
 13636 | Gauntlet | Found a transporter.
 13638 | Gauntlet | Found a transporter.
 13644 | Gauntlet | Noticed a catoblepas
 13653 | Gauntlet | Found a transporter.
 13656 | Gauntlet | Found a transporter.
 13664 | Gauntlet | Found a runed translucent gate.
 13664 | Gauntlet | Found a runed translucent gate.
 13664 | Gauntlet | Found a runed translucent gate.
 13666 | Gauntlet | Found a transporter.
 13682 | Gauntlet | Found a transporter.
 13695 | Gauntlet | Found a transporter.
 13703 | Gauntlet | Noticed a catoblepas
 13707 | Gauntlet | Found a transporter.
 13722 | Gauntlet | Found a transporter.
 13734 | Gauntlet | Found a transporter.
 13736 | Gauntlet | Found a transporter.
 13776 | Gauntlet | Found a transporter.
 13790 | Gauntlet | Found a transporter.
 13793 | Gauntlet | Found a runed translucent door.
 14117 | Gauntlet | Identified the amulet of Arghas Lucw {Faith rPois Will++
                  | Str+3 Slay-6}
 14288 | Gauntlet | Identified the +8 lajatang "Axza" {drain, rN+ Dex+2}
 14288 | Gauntlet | Noticed a minotaur
 14308 | Gauntlet | Killed a minotaur
 14352 | Gauntlet | Got the Quarto of White Corruption
 14475 | D:12     | Reached skill level 1 in Staves
 14570 | D:12     | Got Sif Muna's Opusculum on the Autopsy
 14689 | D:12     | Reached skill level 1 in Ranged Weapons
 14742 | D:12     | Learned a level 3 spell: Ignite Poison
 14812 | D:12     | Reached skill level 1 in Transmutations
 14812 | D:12     | Reached skill level 1 in Fire Magic
 14814 | D:12     | Killed Lodul
 15323 | D:12     | Identified the +2 leather armour of Least Resistance
                  | {Rampage}
 15505 | D:13     | Noticed a centaur warrior
 15512 | D:13     | Killed a centaur warrior
 15625 | D:13     | Noticed a centaur warrior
 15634 | D:13     | Killed a centaur warrior
 15732 | D:13     | Noticed Erolcha
 15732 | D:13     | Noticed a centaur warrior
 15738 | D:13     | Killed Erolcha
 15744 | D:13     | Killed a centaur warrior
 15955 | D:13     | Reached skill level 5 in Spellcasting
 16312 | Lair:1   | Entered Level 1 of the Lair of Beasts
 16478 | Lair:1   | Reached skill level 5 in Poison Magic
 16803 | Lair:1   | Found a runed translucent gate.
 16803 | Lair:1   | Found a runed translucent gate.
 16803 | Lair:1   | Found a runed translucent gate.
 16804 | Lair:1   | Noticed Kazon's ghost (journeyman HuFi)
 16804 | Lair:1   | Noticed a 12-headed hydra
 16805 | Lair:1   | Noticed a nine-headed hydra
 16815 | Lair:1   | Reached XP level 13. HP: 108/108 MP: 24/24
 17450 | Lair:2   | Reached skill level 5 in Ranged Weapons
 17547 | Orc:1    | Entered Level 1 of the Orcish Mines
 17828 | Orc:2    | Entered Level 2 of the Orcish Mines
 18417 | Orc:2    | Noticed Saint Roka
 18503 | Orc:2    | Killed Saint Roka
 18791 | Orc:2    | Found Dit Nacs's Antique Armour Shoppe.
 18807 | Orc:2    | Found Imiogal's General Store.
 18847 | Orc:2    | Bought an embroidered scarf for 224 gold pieces
 18981 | Orc:2    | Found a staircase to the Elven Halls.
 19083 | Orc:2    | Noticed Jorgrun
 19109 | Orc:2    | Killed Jorgrun
 19264 | Orc:2    | Reached skill level 10 in Fighting
 19286 | Orc:2    | Identified the +1 hat "Jiyleumurph" {*Corrode rPois rC+
                  | Str+2}
 19502 | Orc:2    | Found Sezivez's Antique Weapon Shoppe.
 19527 | Orc:2    | Found Muopse's Jewellery Shoppe.
 19667 | Lair:2   | Found a runed translucent door.
 19669 | Lair:2   | Noticed andronian's ghost (journeyman AtFi)
 19781 | Lair:2   | You fall into a shaft and drop 2 floors!
 20038 | Lair:3   | Learned a level 1 spell: Apportation
 20118 | Lair:3   | Identified the +0 chain mail of the Shrike {*Corrode rElec
                  | Int+5 Dex+3}
 20574 | Lair:2   | Noticed Amaemon
 20581 | Lair:2   | Killed Amaemon
 20681 | Lair:2   | Identified the +5 ring mail of Qoppa {rPois Int+5}
 20877 | Lair:2   | Found the +7 Kryia's mail coat {PotionHeal*2 rC+}
 20883 | Lair:2   | Found a staircase to the Swamp.
 21152 | Lair:2   | Identified the amulet of Pyromania {Spirit +Inv Will+ Str+4
                  | Dex-4} (You found it on level 2 of the Lair of Beasts)
 21158 | Lair:2   | Killed andronian's ghost
 21406 | Lair:3   | Noticed Josephine
 21416 | Lair:3   | Killed Josephine
 21615 | Lair:3   | Found a staircase to the Snake Pit.
 21903 | Lair:4   | Reached XP level 14. HP: 102/121 MP: 25/29
 21986 | Lair:4   | Got Lovown's Tome of Altered Malisons
 22494 | Lair:4   | Identified a scroll of acquirement
 22494 | Lair:4   | Acquired 1157 gold pieces
 22801 | Lair:5   | Entered Level 5 of the Lair of Beasts
 22967 | Lair:5   | Identified the +8 ring mail of the Poles {rF+ MP+9}
 24044 | Lair:5   | Found a staircase to the Slime Pits.
 24127 | Lair:5   | Noticed Urug
 24172 | Lair:5   | Killed Urug
 25938 | D:14     | Reached skill level 5 in Armour
 26058 | D:14     | Found a gate to the Vaults.
 26065 | D:14     | Found the +10 dark maul {heavy}
 26375 | D:14     | Identified the +4 robe "Uguzemof" {Harm rElec Str+2 Int+3}
 26532 | D:14     | Found Xuzuoriu's Antique Weapon Boutique.
 26542 | D:14     | Bought a glowing morningstar for 175 gold pieces
 26758 | D:15     | Entered Level 15 of the Dungeon
 26833 | D:15     | Reached skill level 2 in Maces & Flails
 26972 | D:15     | Reached XP level 15. HP: 116/126 MP: 31/31
 27100 | D:14     | Reached skill level 3 in Maces & Flails
 27405 | D:15     | Reached skill level 4 in Maces & Flails
 27853 | D:15     | Reached skill level 5 in Maces & Flails
 27963 | D:15     | Found a staircase to the Depths.
 28428 | D:15     | Reached skill level 6 in Maces & Flails
 29060 | Elf:1    | Entered Level 1 of the Elven Halls
 29240 | Elf:1    | Reached skill level 7 in Maces & Flails
 29758 | Elf:1    | Got the Compendium of Assembling
 29871 | Elf:1    | Reached skill level 8 in Maces & Flails
 29970 | Elf:1    | Got the Elucidation of the Trilobite
 30959 | Elf:1    | Found Niruong's Assorted Antiques.
 30963 | Elf:1    | Bought a short copper wand for 92 gold pieces
 31201 | Elf:2    | Found Rabbor's General Store.
 31201 | Elf:2    | Found Meek's Specific Store.
 31237 | Elf:2    | Bought an amulet of regeneration for 360 gold pieces
 31237 | Elf:2    | Bought a scroll of enchant weapon for 90 gold pieces
 31237 | Elf:2    | Bought a potion of might for 48 gold pieces
 31499 | Elf:2    | Found Toss's Book Boutique.
 31526 | Elf:2    | Bought a book of the Warp for 630 gold pieces
 31531 | Elf:2    | Learned a level 4 spell: Manifold Assault
 31594 | Elf:2    | Reached skill level 9 in Maces & Flails
 31606 | Elf:2    | Learned a level 2 spell: Wereblood
 31609 | Elf:2    | Learned a level 2 spell: Sublimation of Blood
 31638 | Elf:2    | Reached skill level 1 in Translocations
 31782 | Elf:2    | Found a runed translucent gate.
 31783 | Elf:2    | Found a runed translucent gate.
 31783 | Elf:2    | Found a runed translucent gate.
 31877 | Elf:2    | Paralysed by an air elemental for 1 turns
 32097 | Elf:3    | Entered Level 3 of the Elven Halls
 32112 | Elf:3    | Reached XP level 16. HP: 138/138 MP: 30/32
 32532 | Elf:3    | Reached skill level 5 in Translocations
 33269 | Elf:3    | Noticed a deep elf blademaster
 33325 | Elf:3    | Noticed a deep elf master archer
 33556 | Elf:3    | Reached skill level 10 in Maces & Flails
 33908 | Elf:3    | Noticed a deep elf blademaster
 33919 | Elf:3    | Killed a deep elf blademaster
 33984 | Elf:3    | Noticed a deep elf master archer
 33989 | Elf:3    | Noticed a deep elf blademaster
 34001 | Elf:3    | Killed a deep elf blademaster
 34110 | Elf:3    | Killed a deep elf master archer
 34111 | Elf:3    | Reached skill level 11 in Maces & Flails
 34365 | Elf:3    | Identified the +4 great sword of Ymimnilu {protect, rElec}
 34745 | Elf:3    | Killed a deep elf blademaster
 34746 | Elf:3    | Reached skill level 12 in Maces & Flails
 34974 | Elf:3    | Identified the +7 sling "Nereqaen" {speed, rElec rN+}
 35003 | Elf:3    | Identified the ring of Noon {Ice Str+3 Int+3}
 35003 | Elf:3    | Noticed a deep elf blademaster
 35015 | Elf:3    | Noticed an Executioner
 35167 | Elf:3    | Killed a deep elf master archer
 35356 | Elf:3    | Noticed a Brimstone Fiend
 35467 | Elf:3    | Killed a deep elf blademaster
 35667 | Elf:3    | Identified the staff of cold "Plog" {rC+ Int+2}
 35671 | Elf:3    | Identified the +1 dagger of Nelymaix {freeze, rElec Int+3
                  | Dex+3 SInv}
 35674 | Elf:3    | Identified the +4 mace of Joskis {vamp, rC+++ rN+ Will+
                  | Str-3}
 35675 | Elf:3    | Identified the +2 spear of Slime {freeze, *Noise MP+9 Dex+4
                  | SInv}
 35688 | Elf:3    | Identified the +5 spear "Wezeaps" {speed, *Rage rN+ Stlth+}
 35691 | Elf:3    | Identified the +7 spear of Severance {vamp, rElec Int+3
                  | Stlth+} (You took it off a deep elf elementalist on level 3
                  | of the Elven Halls)
 35736 | Elf:3    | Reached skill level 13 in Maces & Flails
 35789 | Elf:3    | Learned a level 2 spell: Blink
 35793 | Elf:3    | Identified the staff of death "Natol" {rN+ Will+}
 36120 | Swamp:1  | Entered Level 1 of the Swamp
 36243 | Swamp:1  | Reached XP level 17. HP: 145/145 MP: 31/33
 36862 | Swamp:2  | Reached skill level 14 in Maces & Flails
 37961 | Swamp:3  | Reached skill level 15 in Maces & Flails
 38133 | Swamp:3  | Acquired 822 gold pieces
 38464 | Swamp:4  | Entered Level 4 of the Swamp
 38464 | Swamp:4  | Noticed Mara
 38466 | Swamp:4  | Killed Mara
 38721 | Swamp:4  | HP: 2/145 [eight-headed hydra[a spriggan druid] (16)]
 39086 | Swamp:3  | Reached skill level 16 in Maces & Flails
 39667 | Swamp:4  | Found a runed translucent door.
 39673 | Swamp:4  | Noticed Scypho's ghost (adept MiFi)
 39681 | Swamp:4  | Killed Scypho's ghost
 39754 | Swamp:4  | Got a decaying rune of Zot
 40929 | Vaults:1 | Entered Level 1 of the Vaults
 40943 | Vaults:1 | Reached skill level 17 in Maces & Flails
 41122 | Vaults:1 | Reached XP level 18. HP: 145/151 MP: 34/34
 42002 | Vaults:1 | Reached skill level 18 in Maces & Flails
 42810 | Vaults:1 | Found a huge runed gate.
 42810 | Vaults:1 | Found a huge runed gate.
 42810 | Vaults:1 | Found a huge runed gate.
 42810 | Vaults:1 | Found a huge runed gate.
 42811 | Vaults:1 | Found a huge runed gate.
 42812 | Vaults:1 | Found a huge runed gate.
 42813 | Vaults:1 | Found a huge runed gate.
 42814 | Vaults:1 | Found a huge runed gate.
 42814 | Vaults:1 | Found a huge runed gate.
 42814 | Vaults:1 | Found a huge runed gate.
 42818 | Vaults:1 | Found a huge runed gate.
 42818 | Vaults:1 | Found a huge runed gate.
 42818 | Vaults:1 | Found a huge runed gate.
 42818 | Vaults:1 | Found a huge runed gate.
 42818 | Vaults:1 | Found a huge runed gate.
 42818 | Vaults:1 | Found a huge runed gate.
 42818 | Vaults:1 | Found a huge runed gate.
 42819 | Vaults:1 | Found a huge runed gate.
 42820 | Vaults:1 | Found a huge runed gate.
 42828 | Vaults:1 | Found a huge runed gate.
 42828 | Vaults:1 | Found a huge runed gate.
 42828 | Vaults:1 | Found a huge runed gate.
 42828 | Vaults:1 | Found a huge runed gate.
 42828 | Vaults:1 | Found a huge runed gate.
 42828 | Vaults:1 | Found a huge runed gate.
 42828 | Vaults:1 | Found a huge runed gate.
 42829 | Vaults:1 | Found a huge runed gate.
 42830 | Vaults:1 | Found a huge runed gate.
 42839 | Vaults:1 | Found a huge runed gate.
 42839 | Vaults:1 | Found a huge runed gate.
 42839 | Vaults:1 | Found a huge runed gate.
 42839 | Vaults:1 | Found a huge runed gate.
 42839 | Vaults:1 | Found a huge runed gate.
 42839 | Vaults:1 | Found a huge runed gate.
 42840 | Vaults:1 | Found a huge runed gate.
 42841 | Vaults:1 | Found a huge runed gate.
 43373 | Vaults:1 | Reached skill level 19 in Maces & Flails
 44060 | Vaults:2 | Identified the ring of Heyrum {Ice Contam rN+ Slay+2
                  | Stlth+}
 44606 | Vaults:2 | Identified the +3 leather armour "Jaukikh" {Fly}
 44616 | Vaults:2 | Noticed Xtahua
 44621 | Vaults:2 | Killed Xtahua
 44779 | Vaults:2 | Found Imeakolu's Weapon Shoppe.
 44868 | Vaults:2 | Reached skill level 20 in Maces & Flails
 45214 | Vaults:2 | Reached XP level 19. HP: 160/160 MP: 34/36
 45261 | Vaults:2 | Identified the +3 robe of Hide-and-Seek {rPois rC+ Int+3
                  | Stlth+}
 46120 | Vaults:3 | Paralysed by a great orb of eyes for 3 turns
 46278 | Vaults:3 | Found a staircase to the Crypt.
 47170 | Vaults:3 | Learned a level 4 spell: Passage of Golubria
 47633 | Vaults:4 | Reached skill level 10 in Dodging
 48639 | Vaults:4 | Reached skill level 10 in Translocations
 49239 | Snake:1  | Entered Level 1 of the Snake Pit
 49239 | Snake:1  | Found Dyubec Ace's Antique Weapon Shop.
 49440 | Snake:1  | Reached XP level 20. HP: 171/171 MP: 25/37
 49621 | Snake:1  | Found Xal Gigyc's Jewellery Emporium.
 49668 | Snake:1  | Found Disheo's Distillery.
 49673 | Snake:1  | Found Jeotod's Magic Scroll Emporium.
 49698 | Snake:1  | Bought a potion of mutation for 144 gold pieces
 49698 | Snake:1  | Bought a potion of mutation for 144 gold pieces
 49698 | Snake:1  | Bought a potion of mutation for 144 gold pieces
 49698 | Snake:1  | Bought a potion of curing for 54 gold pieces
 49698 | Snake:1  | Bought a potion of heal wounds for 90 gold pieces
 49698 | Snake:1  | Bought a potion of magic for 144 gold pieces
 49698 | Snake:1  | Bought a potion of curing for 54 gold pieces
 49698 | Snake:1  | Bought a potion of heal wounds for 90 gold pieces
 49698 | Snake:1  | Bought a potion of brilliance for 72 gold pieces
 49799 | Snake:1  | Bought a scroll of teleportation for 39 gold pieces
 49948 | Orc:2    | Bought a potion of berserk rage for 75 gold pieces
 49948 | Orc:2    | Bought a scroll of magic mapping for 112 gold pieces
 49949 | Orc:2    | Acquired the ring "Dieboy" {Wiz Will+ Str+3 Dex+3}
 50188 | Snake:1  | Found Enneo's Jewellery Shoppe.
 50199 | Snake:1  | Bought the ring "Miwi" {rCorr Str+6 Int-2 SInv} for 534
                  | gold pieces
 50257 | Snake:1  | Noticed Azrael
 50260 | Snake:1  | Killed Azrael
 50261 | Snake:1  | Reached skill level 21 in Maces & Flails
 50720 | Snake:2  | Noticed Mlioglotl
 50722 | Snake:2  | Killed Mlioglotl
 50927 | Snake:2  | Noticed Aizul
 50931 | Snake:2  | Killed Aizul
 51951 | Snake:3  | Identified the +4 scale mail of Theory {-Tele Dex+3}
 52157 | Snake:3  | Found Wubeufil's General Store.
 52157 | Snake:3  | Found Nugrud's Assorted Antiques.
 52157 | Snake:3  | Found Copror's Antique Armour Emporium.
 52158 | Snake:3  | Found Zageexo's Magic Scroll Emporium.
 52169 | Snake:3  | Bought a potion of resistance for 280 gold pieces
 52175 | Snake:3  | Bought a scroll of teleportation for 33 gold pieces
 52175 | Snake:3  | Bought a scroll of blinking for 82 gold pieces
 52175 | Snake:3  | Bought a scroll of teleportation for 33 gold pieces
 52175 | Snake:3  | Bought a scroll of teleportation for 33 gold pieces
 52175 | Snake:3  | Bought a scroll of fear for 44 gold pieces
 52468 | Snake:3  | Identified the ring of Eternity {rC+ Will- Int+3 Dex+6
                  | Stlth+}
 52891 | Snake:4  | Entered Level 4 of the Snake Pit
 52980 | Snake:4  | Reached skill level 1 in Necromancy
 54215 | Snake:4  | Got a serpentine rune of Zot
 54498 | Depths:1 | Entered Level 1 of the Depths
 54500 | Depths:1 | Noticed the Enchantress
 54743 | Elf:1    | Bought a potion of haste for 230 gold pieces
 54942 | Depths:1 | Found a one-way gate to the infinite horrors of the Abyss.
 54944 | Depths:1 | Killed the Enchantress
 55107 | Depths:1 | Found a gateway to Hell.
 55175 | Depths:1 | Reached skill level 5 in Necromancy
 55229 | Depths:1 | Reached skill level 22 in Maces & Flails
 55737 | Depths:1 | Reached XP level 21. HP: 180/180 MP: 38/38
 55794 | Depths:1 | Found a one-way gate leading to the halls of Pandemonium.
 56150 | Depths:2 | Noticed Vv
 56484 | Depths:2 | Noticed Bai Suzhen
 56486 | Depths:2 | Killed Bai Suzhen
 56487 | Depths:2 | Reached skill level 10 in Armour
 56543 | Depths:2 | Killed Vv
 57453 | Depths:3 | Noticed a golden dragon
 57454 | Depths:3 | Noticed a golden dragon
 57462 | Depths:3 | Killed a golden dragon
 57463 | Depths:3 | Killed a golden dragon
 57464 | Depths:3 | Reached skill level 23 in Maces & Flails
 57893 | Depths:3 | Identified the +0 robe of the Falcon {*Slow rCorr Str+5}
 58015 | Depths:3 | Found a portal to a secret trove of treasure.
 58016 | Depths:3 | Noticed a golden dragon
 58019 | Depths:3 | Killed a golden dragon
 58265 | Depths:3 | Noticed a golden dragon
 58266 | Depths:3 | Killed a golden dragon
 58444 | Depths:3 | You fall into a shaft and drop 1 floor!
 58444 | Depths:4 | Entered Level 4 of the Depths
 58444 | Depths:4 | Noticed a caustic shrike
 58444 | Depths:4 | Noticed a caustic shrike
 58445 | Depths:4 | Noticed a caustic shrike
 58445 | Depths:4 | Noticed a caustic shrike
 58446 | Depths:4 | Killed a caustic shrike
 58449 | Depths:4 | Killed a caustic shrike
 58449 | Depths:4 | Killed a caustic shrike
 58454 | Depths:4 | Killed a caustic shrike
 58486 | Depths:4 | Noticed a juggernaut
 58488 | Depths:4 | Killed a juggernaut
 58569 | Depths:4 | Reached skill level 24 in Maces & Flails
 58717 | Depths:3 | Noticed a golden dragon
 58719 | Depths:3 | Killed a golden dragon
 59194 | Depths:3 | Identified the +0 helmet of Valour {Int+4}
 59229 | Depths:3 | Noticed a juggernaut
 59232 | Depths:3 | Killed a juggernaut
 59497 | Depths:4 | Reached XP level 22. HP: 189/189 MP: 15/39
 59706 | Depths:4 | Found a one-way gateway to a ziggurat.
 59718 | Depths:4 | Noticed a juggernaut
 59721 | Depths:4 | Killed a juggernaut
 59875 | Depths:4 | Identified the +0 scale mail "Suikeum" {rPois rF- Str+2
                  | Dex+8}
 59890 | Depths:4 | Found a runed translucent gate.
 59894 | Depths:4 | Found a runed translucent gate.
 59894 | Depths:4 | Found a runed translucent gate.
 60096 | Depths:4 | Acquired a Young Poisoner's Handbook
 60103 | Depths:4 | Learned a level 4 spell: Olgreb's Toxic Radiance
 60375 | Depths:4 | Got the Encyclopedia of Incendiary Anathema
 61042 | Depths:4 | Found a runed translucent door.
 61042 | Depths:4 | Found a runed translucent door.
 61451 | Depths:4 | Found a runed translucent door.
 61459 | Depths:4 | Found a runed translucent door.
 61462 | Depths:4 | Found a runed translucent door.
 61528 | Depths:4 | Found a runed translucent door.
 61607 | Depths:4 | Found a gate to the Realm of Zot.
 61740 | Depths:3 | Voluntarily entered the Abyss.
 61906 | Abyss:3  | Got an abyssal rune of Zot
 62017 | Depths:3 | Escaped the Abyss
 62411 | Vaults:5 | Entered Level 5 of the Vaults
 62423 | Vaults:5 | Reached skill level 25 in Maces & Flails
 62429 | Vaults:5 | Noticed an ancient lich
 62432 | Vaults:5 | Killed an ancient lich
 62691 | Vaults:5 | Got the Notes on Feculent Lava
 62758 | Vaults:5 | Learned a level 2 spell: Lesser Beckoning
 62759 | Vaults:5 | Noticed an ancient lich
 62763 | Vaults:5 | Killed an ancient lich
 62967 | Vaults:5 | Reached XP level 23. HP: 195/195 MP: 36/40
 63013 | Vaults:5 | Identified the +4 lajatang "Hath" {flame, rN+ Will+}
 63016 | Vaults:5 | Reached skill level 26 in Maces & Flails
 63044 | Vaults:5 | Identified the +10 spear "Qirapn" {elec, rCorr SInv}
 63182 | Vaults:5 | Noticed an ancient lich
 63293 | Vaults:5 | Noticed an ancient lich
 63298 | Vaults:5 | Killed an ancient lich
 63344 | Vaults:5 | Killed an ancient lich
 63572 | Vaults:5 | Identified the +8 dagger of the Mashing Salmon {venom, rN+}
 63704 | Vaults:5 | Identified the +1 cloak of Ethics {Regen+}
 63878 | Vaults:5 | Got a silver rune of Zot
 63961 | Vaults:5 | Got the Directory of the Valley of Death
 64011 | Vaults:5 | Identified the +0 leather armour "Meoptour" {rF+ Dex+7}
 64844 | Snake:1  | Bought the ring of the Inviting Gods {Fly rN++ Will-} for
                  | 400 gold pieces
 65071 | Crypt:1  | Entered Level 1 of the Crypt
 66138 | Crypt:2  | Noticed Jory
 66144 | Crypt:2  | Killed Jory
 67052 | Crypt:3  | Entered Level 3 of the Crypt
 67176 | Crypt:3  | Found a large runed translucent door.
 67177 | Crypt:3  | Found a large runed translucent door.
 67207 | Crypt:3  | Found a staircase to the Tomb.
 67217 | Crypt:3  | Paralysed by a vampire knight for 2 turns
 67672 | Crypt:3  | Noticed Upyaxum's ghost (veteran GrEE)
 67678 | Crypt:3  | Killed Upyaxum's ghost
 67818 | Crypt:3  | Reached skill level 10 in Spellcasting
 67838 | Crypt:3  | Reached XP level 24. HP: 103/203 MP: 31/42
 68183 | Crypt:3  | Identified the +4 scale mail "Piakeanuo" {*Slow rF+ rC++}
 68476 | Crypt:3  | Found the +3 pair of seven-league boots {Rampage+∞}
 68478 | Crypt:3  | Identified the +4 trident "Wyheull" {flame, rN+}
 69044 | Zot:1    | Entered Level 1 of the Realm of Zot
 69333 | Zot:1    | Reached skill level 15 in Translocations
 69692 | Zot:1    | Found a large runed translucent door.
 69692 | Zot:1    | Identified the +0 longbow of Avant Garde Integrity {chaos,
                  | rPois rC++ Int-2}
 69692 | Zot:1    | Noticed a Killer Klown
 69702 | Zot:1    | Killed a Killer Klown
 69706 | Zot:1    | Identified the +2 glaive of the Dark Horse {chaos, rElec}
 69795 | Zot:1    | Noticed an orb of fire
 69795 | Zot:1    | Identified the +11 battleaxe "Idweda" {venom, Drain rCorr
                  | Int+5}
 69802 | Zot:1    | Killed an orb of fire
 69855 | Zot:1    | Found a large runed translucent door.
 69856 | Zot:1    | Found a large runed translucent door.
 69857 | Zot:1    | Found a large runed translucent door.
 69857 | Zot:1    | Found a large runed translucent door.
 69857 | Zot:1    | Found a large runed translucent door.
 69857 | Zot:1    | Noticed a Killer Klown
 69859 | Zot:1    | Noticed a Killer Klown
 69860 | Zot:1    | Killed a Killer Klown
 69862 | Zot:1    | Killed a Killer Klown
 69880 | Zot:1    | Identified the +6 scale mail of Liberty {rN+ MP+9 Int+4
                  | Stlth+}
 69881 | Zot:1    | Found a large runed translucent door.
 69881 | Zot:1    | Found a large runed translucent door.
 69881 | Zot:1    | Noticed a Killer Klown
 69881 | Zot:1    | Noticed a Killer Klown
 69909 | Zot:1    | Killed a Killer Klown
 69910 | Zot:1    | Reached skill level 15 in Armour
 70115 | Zot:1    | Identified the +1 robe "Uptixt" {-Cast rElec rPois Stlth+}
 70117 | Zot:1    | Killed a Killer Klown
 70418 | Depths:3 | Voluntarily entered the Abyss.
 70673 | Depths:3 | Escaped the Abyss
 70675 | Depths:3 | Voluntarily entered the Abyss.
 71004 | Abyss:3  | Noticed an ancient lich
 71011 | Abyss:3  | Killed an ancient lich
 71016 | Depths:3 | Escaped the Abyss
 71490 | Slime:1  | Entered Level 1 of the Pits of Slime
 71679 | Slime:4  | Noticed Dissolution
 71680 | Slime:4  | Killed Dissolution
 71695 | Slime:5  | Entered Level 5 of the Pits of Slime
 71818 | Slime:5  | Noticed the Royal Jelly
 72178 | Slime:5  | Reached XP level 25. HP: 203/212 MP: 35/42
 72294 | Slime:5  | Reached skill level 15 in Fighting
 72522 | Slime:5  | Killed the Royal Jelly
 72595 | Slime:5  | Identified the +9 halberd "Cetayteb" {freeze, rPois rF+++
                  | Dex-4 Stlth+}
 72599 | Slime:5  | Got a slimy rune of Zot
 72637 | Slime:5  | Identified the ring of Fedhas's Hope {rF+ Will+ Slay+3}
 72677 | Slime:5  | Identified the +7 double sword of Guocwaeq {antimagic, rN+}
 72678 | Slime:5  | Identified the +5 triple crossbow of Jesot {drain, rElec
                  | Int+3 Dex-3}
 72701 | Slime:5  | Identified the +10 morningstar of the Mushroom {pain, rPois
                  | rC+ rN+}
 73183 | Slime:3  | Gained mutation: You have hidden genetic defects. [a
                  | shining eye]
 73761 | Lair:5   | Learned a level 6 spell: Statue Form
 74053 | Pan      | Entered Pandemonium
 74302 | Pan      | Noticed Mennas
 74342 | Pan      | Killed Mennas
 74397 | Pan      | Gained mutation: You occasionally lose the ability to drink
                  | potions when taking damage. [hidden defects]
 74398 | Pan      | Lost mutation: You have hidden genetic defects. [potion of
                  | mutation]
 74398 | Pan      | Lost mutation: You occasionally lose the ability to drink
                  | potions when taking damage. [potion of mutation]
 74398 | Pan      | Lost mutation: You are partially covered in large bone
                  | plates. (SH +4) [potion of mutation]
 74398 | Pan      | Gained mutation: You expend magic power (3 MP) to
                  | strengthen your wands. [potion of mutation]
 74398 | Pan      | Lost mutation: You passively map a small area around you.
                  | [potion of mutation]
 74399 | Pan      | Lost mutation: You expend magic power (3 MP) to strengthen
                  | your wands. [potion of mutation]
 74399 | Pan      | Gained mutation: You are vulnerable to heat. (rF-) [potion
                  | of mutation]
 74399 | Pan      | Gained mutation: Your spells are a little easier to cast,
                  | but a little less powerful. [potion of mutation]
 74400 | Pan      | Lost mutation: Your spells are a little easier to cast, but
                  | a little less powerful. [potion of mutation]
 74400 | Pan      | Lost mutation: You are vulnerable to heat. (rF-) [potion of
                  | mutation]
 74400 | Pan      | Gained mutation: You are resistant to electric shocks.
                  | (rElec) [potion of mutation]
 74400 | Pan      | Gained mutation: Your muscles are strong. (Str +4, Int/Dex
                  | -1) [potion of mutation]
 74855 | Pan      | Noticed Qem Uqih the pandemonium lord
 74859 | Pan      | Killed Qem Uqih the pandemonium lord
 75215 | Pan      | Noticed Nexih the pandemonium lord
 75220 | Pan      | Killed Nexih the pandemonium lord
 75273 | Pan      | Identified the +8 mace of the Dove {drain, rN+ Will++}
 75756 | Pan      | Noticed Kij Nim the pandemonium lord
 75767 | Pan      | Killed Kij Nim the pandemonium lord
 76386 | Pan      | Noticed Foivon the pandemonium lord
 76551 | Pan      | Identified the +0 robe of the Hurricane {*Corrode Will++
                  | Str+3 Dex+2}
 76675 | Pan      | Killed Foivon the pandemonium lord
 76879 | Pan      | Reached XP level 26. HP: 232/232 MP: 33/42
 77016 | Pan      | Acquired 1152 gold pieces
 77057 | Pan      | Noticed Uzowil the pandemonium lord
 77066 | Pan      | Killed Uzowil the pandemonium lord
 77181 | Pan      | Identified the +1 war axe "Arcanum" {speed, rElec Str+6}
 77415 | Pan      | Got a demonic rune of Zot
 77547 | Pan      | Entered the realm of Gloorx Vloq.
 77557 | Pan      | Acquired 911 gold pieces
 77564 | Pan      | Acquired the amulet of the Duchess {RegenMP *Corrode Fly
                  | Str+3 Stlth+}
 77565 | Pan      | Acquired 925 gold pieces
 77672 | Pan      | Reached skill level 1 in Earth Magic
 77995 | Pan      | Reached skill level 5 in Earth Magic
 78304 | Pan      | Noticed Gloorx Vloq
 78315 | Pan      | HP: 6/301 [Executioner[Gloorx Vloq] (18)]
 78646 | Pan      | Learned a level 3 spell: Portal Projectile
 79028 | Pan      | Got a dark rune of Zot
 79052 | Pan      | Entered the realm of Cerebov.
 79368 | Pan      | Found the +6 sword of Cerebov {flame}
 79368 | Pan      | Noticed Cerebov
 79412 | Pan      | Identified the ring of Sin {Fire rN+}
 79438 | Pan      | Got a fiery rune of Zot
 79998 | Pan      | Identified the +9 morningstar of the Sugar Beet {antimagic,
                  | rC+}
 80310 | Pan      | Identified the +0 buckler of the Kangaroo {Stlth+}
 80585 | Pan      | Killed Cerebov
 80617 | Pan      | Identified the +2 leather armour of Asout {+Blink Str+4
                  | Slay+3 Stlth-}
 80651 | Pan      | Identified the +1 falchion of Shame {heavy, Will+}
 80654 | Pan      | Identified the +2 spear "Jaunir" {heavy, rF+ Dex+4 Stlth+}
 80943 | Pan      | Learned a level 8 spell: Disjunction
 81054 | Pan      | Found an exit through the horrors of the Abyss.
 81113 | Pan      | Noticed Gloorx Vloq
 81430 | Pan      | Killed Gloorx Vloq
 81478 | Pan      | Reached XP level 27. HP: 145/244 MP: 7/42
 81697 | Pan      | Noticed Buqedips the pandemonium lord
 81862 | Pan      | Killed Buqedips the pandemonium lord
 81869 | Pan      | Learned a level 2 spell: Passwall
 82639 | Pan      | Found a runed translucent door.
 82790 | Pan      | Gained mutation: Armour fits poorly on your strangely
                  | shaped body. [a cacodemon]
 82794 | Pan      | HP: 5/246 [balrug/+0 demon whip of venom (8)]
 82794 | Pan      | Mangled by a balrug

Illustrated notes

Levels and vault maps discovered:
D:1:      mrwooster_arrival_statue_2, layout_rooms,
          chequers_serial_rivers_small_3
D:2:      layout_loops_ring, hellmonk_ecumenical_altar_crossroads,
          minmay_close_crescents
D:3:      layout_loops_corners, mainiacjoe_overflow_alcove_4,
          gammafunk_ghost_gnarly_gnolls, minmay_misc_feat_doors
D:4:      layout_basic
D:5:      layout_loops_ring, serial_glass, glass_columns_b, glass_columns_a,
          glass_columns_a, glass_columns_b, glass_columns_b, glass_columns_c,
          grunt_decor_fettered
D:6:      layout_rooms, mainiacjoe_overflow_alcove_1, dk_noncrumbling_2
D:7:      layout_basic, minitemple, minmay_temple_entry_purple_smoke
D:8:      layout_basic, enter_ossuary_2, uniq_grum, uniq_gastronok, uniq_psyche
D:9:      lemuel_troll_bridge, layout_basic, mainiacjoe_overflow_catwalk
D:10:     layout_loops_ring, lemuel_mausoleum_altar_kikubaaqudgha,
          minmay_orc_entry_temple_small, enter_bailey_4,
          minmay_misc_feat_pillars, uniq_harold
D:11:     cheibrodos_helix_gallery, layout_loops_cross
D:12:     layout_cave_pools, portal_ice_cave_entry_ice_simulacra,
          gauntlet_entry_generic, hex_tiny, led_sif_book, uniq_lodul
D:13:     layout_loops_ring, uniq_erolcha
D:14:     layout_loops_ring, ximxim_vaults_locker_room, serial_shops,
          nicolae_lakefront_shop, grunt_livestock
D:15:     gammafunk_depths_entry_grave, layout_loops_corners,
          nicolae_water_bricks, minmay_the_grid_square_5x5_3x3_mashed
          [minmay_the_grid_square_5x5_sharp_hourglass,
          minmay_the_grid_square_5x5_one_wall, minmay_the_grid_square_5x5_forky,
          minmay_the_grid_square_5x5_hollow_slash,
          minmay_the_grid_square_5x5_megaprize_hollow,
          minmay_the_grid_square_5x5_inverted_slash,
          minmay_the_grid_square_5x5_inner_z, minmay_the_grid_square_5x5_fat_x,
          minmay_the_grid_square_5x5_moneybag]
Lair:1:   layout_roguey, gammafunk_ghost_hydra_chop,
          chequers_serial_rivers_marsh, lemuel_oklob_altar, grunt_megastairs_2,
          infiniplex_staircase_pool, serial_bayou_shore_a
Lair:2:   layout_chaotic_city, skrybe_swamp_entry_bodies,
          ebering_ghost_inner_flame, beast_lair_carwin_6, grunt_megastairs_5,
          infiniplex_staircase_pool_2, lemuel_fruit_tree, uniq_amaemon
Lair:3:   wad_woods_tower, layout_cave_pods, uniq_josephine
Lair:4:   layout_cave_shapes
Lair:5:   grunt_lair_end_beastmaster, layout_cave_pods,
          minmay_slime_entry_oklob_enclosed, grunt_megastairs_3, uniq_urug
Swamp:1:  layout_basic_swamp, evilmike_swamp_ruin_house_3,
          nicolae_swamp_small_spring
Swamp:2:  nicolae_swamp_wrong_neighborhood, layout_basic_swamp,
          nicolae_swamp_stair_fork
Swamp:3:  layout_basic_swamp, nicolae_swamp_decorative_isthmus, swamp_pool4
Swamp:4:  swamp_alternative, layout_basic_swamp, ebering_ghost_reflecting_pool,
          uniq_mara
Snake:1:  layout_rooms, serial_shops, nicolae_shop_crystal, shop,
          nicolae_square_shop, nicolae_lakefront_shop,
          nicolae_shop_overgrown_old_shop, uniq_azrael
Snake:2:  layout_cave_shapes, corexii_hall_statues_i, nicolae_snake_squiggles,
          uniq_aizul, uniq_mlioglotl
Snake:3:  layout_misc_corridors, drop_trap, minmay_shop_grid_forest,
          nicolae_snake_gridmaze_tees
Snake:4:  johnstein_snake_rune_scales, layout_cave_town, drop_trap
Slime:1:  layout_caves, nicolae_slime_phagocytosis
Slime:2:  layout_caves
Slime:3:  layout_caves, cheibrodos_slime_lost_civilization_4
Slime:4:  layout_caves, uniq_dissolution
Slime:5
Orc:1:    layout_diamond_mine
Orc:2:    grunt_orc_cross, layout_caves, hangedman_minor_magic, uniq_jorgrun
Elf:1:    minmay_elf_arrival_plus, layout_loops_corners, serial_shops,
          nicolae_shop_back_alley_shop, minmay_elf_demonology,
          nicolae_elf_shapeshifter_party
Elf:2:    nicolae_elf_blades_crystal_corner, layout_geoelf_diagonals,
          serial_shops, shop, nicolae_specific_store
Elf:3:    minmay_elf_hall_circle, layout_onion_city, hangedman_elf_disciples
Vaults:1: hangedman_vaults_nodes, vaults_standard_mumra_x, door_vault,
          nicolae_vaults_what_the_h, nicolae_vaults_variable_pillar_hall,
          nicolae_vaults_trapezoid_3, nicolae_vaults_mini_display_case,
          dpeg_vaults_monster_box, layout_vaults_omnigrid
Vaults:2: ontoclasm_vaults_twist, hangedman_vaults_locks,
          hangedman_vaults_cutoff, nicolae_vaults_double_plus_1,
          nicolae_vaults_security_offices_2,
          nicolae_vaults_doubleplus_tesselated, nicolae_vaults_shelves_hall,
          hangedman_vaults_capsules, nicolae_vaults_trapezoid_4,
          nicolae_vaults_tangram_2, layout_vaults_ring, serial_shops,
          nicolae_shop_tiny_glass, uniq_xtahua
Vaults:3: minmay_crypt_entry_simple_corners, nicolae_vaults_stairing_the_circle,
          nicolae_vaults_angled_halls, nicolae_vaults_shelves_hall,
          grunt_vaults_trifunnel, nicolae_vaults_fighting_squares,
          vaults_dpeg_encased_lava, hangedman_vaults_pinch, vaults_room_grid,
          nicolae_vaults_cornered_office, v_misc_19, layout_vaults_maze_snakey
Vaults:4: nicolae_vaults_offset_grid_hallway_2, nicolae_vaults_trapezoid_3,
          nicolae_vaults_network_square, ontoclasm_vaults_idyll,
          nicolae_vaults_asterisk, nicolae_vaults_lightning_bolt,
          nicolae_vaults_heart-shaped_vault, hangedman_vaults_river_flow,
          nicolae_vaults_trapezoid_lopsided_3, nicolae_vaults_closet_pinwheel_1,
          nicolae_vaults_closet_pinwheel_2, vaults_dpeg_cross,
          grunt_vaults_bifocal, nicolae_vaults_tetromino_Z_1,
          vaults_room_stairs_pillars, serial_ice_h, nicolae_vaults_trapezoid_1,
          ontoclasm_vaults_idyll, layout_vaults_omnibox
Vaults:5
Crypt:1:  layout_gridlike, grunt_crypt_arrival_guarded_gate
Crypt:2:  layout_chaotic_city, uniq_jory
Crypt:3:  lightli_unholy_cathedral, layout_chaotic_city,
          ebering_ghost_disaster_area, chequers_hall_statues_corner_a,
          nicolae_nh_vlads_tower, grunt_megastairs_4
Depths:1: layout_twisted_cross, grunt_pan_entry_sceptre, hell_entry,
          abyss_entry_glasseish, hangedman_abyss_or_decor_stabs,
          minmay_crystal_water, nrook_mini_backslash, zin_scriptorium,
          uniq_saint_roka, uniq_enchantress
Depths:2: kennysheep_blocky_hall, layout_small_grid, rand_demon_pan_entry_4,
          abyss_entry_small_statue_room, hell_entry,
          infiniplex_staircase_pool_1, uniq_bai_suzhen, uniq_vv
Depths:3: hangedman_arch_fort, layout_gridlike, pan_entry, hell_entry,
          nicolae_trove_entry_crossroad, minmay_misc_feat_plants,
          minmay_room_of_horrors, infiniplex_staircase_zigzag_1
Depths:4: evilmike_zot_entry_castle, layout_basic, enter_ziggurat_c,
          lightli_too_deep, nicolae_hepliaklqana_hazy_memory, pandoras_box_mu
Zot:1:    layout_cathedral_of_symmetry, hangedman_zot_wheel_spokes,
          hangedman_xom_zot_hilarity, grunt_megastairs_1
Pan:      evilmike_mini_pan_layers, layout_rooms, pan_blood_fountain_small,
          evilmike_mini_pan_V, layout_small_grid, pan_blood_fountain_small,
          lemuel_hall_of_pain, layout_pan_divisions_a [pan_division_quadrant_a6,
          pan_division_quadrant_a1, pan_division_quadrant_a5,
          pan_division_quadrant_a2, pan_division_octagon_divided], uniq_ignacio,
          pan_blood_fountain_small, nicolae_pan_cerebovesque_3, rand_demon_4,
          layout_grid_shapes, uniq_ignacio, uniq_mennas_pan,
          evilmike_mini_pan_branches, layout_rooms, nicolae_pan_lom_lobonic_1,
          grunt_pan_zigzag, layout_gridlike, rand_demon_6, layout_chambers,
          uniq_ignacio, nicolae_pan_mnolegish_3, evilmike_mini_pan_doors_b,
          layout_cellular_growth, grunt_pan_frozen_over, layout_rooms,
          pan_blood_fountain_small, pan_blood_fountain, gloorx_vloq,
          layout_small_grid, cerebov_grunt_fire_and_steel, layout_onion_city,
          evilmike_mini_pan_murderfest, layout_pan_divisions_b
          [pan_division_quadrant_b5, pan_division_quadrant_b2,
          pan_division_quadrant_b4, pan_division_quadrant_b4],
          nicolae_pan_strange_glyphs [nicolae_pan_strange_glyph_contempt,
          nicolae_pan_strange_glyph_loneliness,
          nicolae_pan_strange_glyph_disgust, nicolae_pan_strange_glyph_angst],
          nicolae_pan_giant_door, layout_irregular_city, evilmike_mini_pan_3x3,
          layout_small_grid, grunt_pan_pentagram, layout_basic,
          uniq_gloorx_vloq, regret_index_pan_draining_boxed,
          layout_irregular_city, pan_disco_hall, layout_small_grid

Skill      XL: |  1  2  3  4  5  6  7  8  9 10 11 12 13 14 15 16 17 18 19 20 21 22 23 24 25 26 27 |
---------------+----------------------------------------------------------------------------------+-----
Long Blades    | 1 2 3 5 7 10 12 14 | 14.9
Dodging        | 2 3 4 5 7 8 10 11 13 | 13.7
Poison Magic   | 1 2 3 5 |  5.0
Air Magic      | 1 2 3 |  3.0
Fighting       | 3 4 7 8 10 11 12 13 14 17 19 20 | 20.0
Conjurations   | 1 2 3 |  3.0
Spellcasting   | 1 2 3 4 5 7 8 10 | 10.0
Armour         | 3 4 5 7 9 11 13 17 18 20 21 | 21.2
Evocations     | 4 |  4.0
Staves         | 3 |  3.3
Ranged Weapons | 3 7 8 |  8.2
Transmutations | 4 |  4.0
Fire Magic     | 3 |  3.0
Maces & Flails | 2 9 13 17 20 22 24 25 26 | 26.8
Translocations | 3 7 8 10 11 13 15 | 15.0
Necromancy     | 5 8 |  8.0
Earth Magic    | 9 |  9.9
Stealth        | |  4.5

Action                     |  1- 3 |  4- 6 |  7- 9 | 10-12 | 13-15 | 16-18 | 19-21 | 22-24 | 25-27 || total
---------------------------+-------+-------+-------+-------+-------+-------+-------+-------+-------++-------
  Melee: Falchion          |    91 |    78 |    71 |   105 |       |       |       |       |       ||   345
         Unarmed           |       |     8 |       |       |       |       |       |       |       ||     8
         Dagger            |       |    25 |   170 |   486 |   765 |   216 |       |       |       ||  1662
         Punch             |       |       |       |     9 |    25 |     2 |       |       |       ||    36
         Lajatang          |       |       |       |   114 |    64 |       |       |       |       ||   178
         Scimitar          |       |       |       |    24 |       |       |       |       |       ||    24
         Demon whip        |       |       |       |       |   109 |       |       |       |       ||   109
         Great sword       |       |       |       |       |   255 |    15 |       |       |       ||   270
         Dire flail        |       |       |       |       |    21 |     3 |       |    25 |       ||    49
         Maul              |       |       |       |       |    19 |   549 |   997 |  1293 |  1190 ||  4048
         Morningstar       |       |       |       |       |    10 |       |       |       |       ||    10
   Fire: Sling             |       |    39 |    19 |     4 |       |       |       |       |       ||    62
         Shortbow          |       |       |       |     2 |    56 |     2 |       |       |       ||    60
         Longbow           |       |       |       |       |     3 |       |       |       |       ||     3
  Throw: Dart              |     5 |     6 |       |     1 |       |       |       |       |       ||    12
         Throwing net      |       |       |       |       |       |       |       |       |     2 ||     2
   Cast: Mephitic Cloud    |       |     2 |    54 |    78 |   130 |   133 |       |       |       ||   397
         Ignite Poison     |       |       |       |    20 |   146 |    43 |       |     1 |       ||   210
         Apportation       |       |       |       |       |     2 |       |       |       |     7 ||     9
         Manifold Assault  |       |       |       |       |     1 |   302 |   536 |   628 |   504 ||  1971
         Sublimation of Bl |       |       |       |       |       |     4 |    36 |   227 |   213 ||   480
         Blink             |       |       |       |       |       |     6 |     2 |     2 |     4 ||    14
         Passage of Golubr |       |       |       |       |       |       |     2 |    16 |    38 ||    56
         Lesser Beckoning  |       |       |       |       |       |       |       |     4 |       ||     4
         Olgreb's Toxic Ra |       |       |       |       |       |       |       |     2 |       ||     2
         Statue Form       |       |       |       |       |       |       |       |       |     2 ||     2
         Portal Projectile |       |       |       |       |       |       |       |       |     1 ||     1
         Wereblood         |       |       |       |       |       |       |       |       |     1 ||     1
  Evoke: Wand              |     1 |       |     1 |    29 |    18 |    11 |     1 |     4 |    16 ||    81
         Phial of floods   |       |       |       |     1 |       |       |       |     1 |       ||     2
         Piece from Xom's  |       |       |       |     1 |       |       |       |       |       ||     1
    Use: Scroll            |     5 |     4 |     9 |    13 |    12 |    24 |    16 |     9 |    32 ||   124
         Potion            |     1 |     3 |     3 |     8 |     4 |    14 |    10 |    12 |    31 ||    86
   Stab: Sleeping          |     7 |     1 |       |    15 |     8 |     1 |       |       |       ||    32
         Invisible         |       |     1 |       |       |       |       |       |       |       ||     1
         Confused          |       |     1 |    32 |    35 |    86 |    50 |       |       |       ||   204
         Paralysed         |       |       |       |    10 |     7 |       |       |       |     1 ||    18
         Distracted        |       |       |       |     2 |     2 |     3 |       |       |       ||     7
         Petrified         |       |       |       |       |     2 |       |       |       |       ||     2
 Armour: Leather armour    |    29 |    24 |     1 |       |       |       |       |       |       ||    54
         Skin              |       |     7 |       |       |       |       |       |       |    34 ||    41
         Robe              |       |       |    12 |     4 |       |       |       |       |       ||    16
         Troll leather arm |       |       |       |   151 |    80 |       |       |       |       ||   231
         Acid dragon scale |       |       |       |     1 |       |       |       |       |       ||     1
         Ring mail         |       |       |       |       |   338 |   343 |   182 |    96 |       ||   959
         Plate armour      |       |       |       |       |       |       |       |   141 |   509 ||   650
         Gold dragon scale |       |       |       |       |       |       |       |    18 |   107 ||   125
  Dodge: Dodged            |    66 |    75 |   158 |   625 |   921 |   507 |   292 |   304 |   789 ||  3737
  Block: Other             |       |       |       |   178 |   450 |    92 |    59 |    62 |    19 ||   860
         Reflection        |       |       |       |     4 |    11 |       |       |       |       ||    15
         Orb               |       |       |       |       |    67 |       |       |       |       ||    67
